 Dungeon Crawl Stone Soup version 0.29.1-1-gd02db6906a (webtiles) character file.

Game seed: 13922540109597417866

233 mopl the Poker (level 5, -6/44 HPs)
             Began as a Palentonga Berserker on Oct 21, 2022.
             Was a Priest of Trog.
             Mangled by an ogre
             ... wielding a +0 giant club
              (12 damage)
             ... on level 4 of the Dungeon.
             The game lasted 00:04:20 (3171 turns).

mopl the Poker (Palentonga Berserker)               Turns: 3171, Time: 00:04:21

Health: -6/44      AC:  7    Str: 24    XL:     5   Next: 74%
Magic:  5/5        EV: 10    Int:  8    God:    Trog [***...]
Gold:   66         SH:  0    Dex:  9    Spells: 4/4 levels left

rFire   . . .      SeeInvis +   a - +0 spear
rCold   . . .      Faith    .   (no shield)
rNeg    . . .      Spirit   .   b - +0 animal skin
rPois   .          Reflect  .   v - +0 helmet
rElec   .          Harm     .   d - +1 cloak
rCorr   .          Rampage  .   (no gloves)
Will    .....                   (no barding)
Stlth   +.........              (no amulet)
HPRegen 0.14/turn               (no ring)
MPRegen 0.09/turn               (no ring)

@: on berserk cooldown, slowed, very slow
A: large, rugged brown scales 3, see invisible, deformed body, roll 1, armoured
tail
a: Rolling Charge, Renounce Religion, Berserk, Trog's Hand


You were on level 4 of the Dungeon.
You worshipped Trog.
Trog was most pleased with you.
You visited 1 branch of the dungeon, and saw 4 of its levels.

You collected 94 gold pieces.
You spent 28 gold pieces at shops.

Inventory:

Hand Weapons
 a - a +0 spear (weapon)
Missiles
 f - 3 atropa-tipped darts
 k - 6 curare-tipped darts
 p - 8 poisoned darts (quivered)
Armour
 b - a +0 animal skin (worn)
 d - a +1 cloak (worn)
 v - a +0 helmet (worn)
Wands
 x - a wand of polymorph (8)
Scrolls
 c - 3 scrolls of teleportation {unknown}
 j - a scroll of poison {unknown}
 l - a scroll of noise {unknown}
 m - a scroll of amnesia {unknown}
 n - a scroll of blinking {unknown}
 o - a scroll of immolation {unknown}
 r - a scroll of fear {unknown}
 u - 2 scrolls of enchant armour {unknown}
 w - a scroll of enchant weapon {unknown}
Potions
 e - a potion of curing
 g - 3 potions of heal wounds {unknown}
 h - a potion of might
 i - a potion of mutation {!q}
 q - a potion of attraction {unknown}
 s - 2 potions of invisibility
 t - a potion of berserk rage {unknown}
 z - a potion of ambrosia {unknown}


   Skills:
 + Level 3.7 Fighting
 * Level 4.2 Polearms
 + Level 1.3 Throwing
 + Level 2.4 Armour
 + Level 2.3 Dodging


You had 4 spell levels left.
You didn't know any spells.
Your spell library was empty.

Dungeon Overview and Level Annotations

Branches:
Dungeon (4/15)
 Temple: D:4-7

Altars:
Elyvilon

Shops:
D:3 (?(

Annotations:
D:4 1 transporter


Innate Abilities, Weirdness & Mutations

You are completely covered in rugged brown scales. (AC +3, +7% HP)
You have supernaturally acute eyesight. (SInv)
Armour fits poorly on your strangely shaped body.
You can roll at nearby foes to attack.
You have a long armoured tail.


Message History

Things that are here:
a +2 quarterstaff of chaos; a +0 cloak
Okay, then.
Unknown command.
You see here a +0 hammer.
You see here a +0 hammer of holy wrath.
You see here a +0 hammer.
You see here a +0 hammer of holy wrath.
You see here a +0 short sword.
An orc comes into view. It is wielding a +0 flail.
The orc shouts!
You barely miss the orc.
Your tail-slap misses the orc.
The orc hits you with a +0 flail. The orc hits you but does no damage.
You hit the orc.
The orc is lightly wounded.
The orc completely misses you.
An ogre comes into view. It is wielding a +0 giant club.
The ogre shouts!
You hit the orc.
The orc is severely wounded.
The orc hits you but does no damage.
You hit the orc.
You kill the orc!
Trog accepts your kill.
You hit the ogre.
The ogre is moderately wounded.
The ogre closely misses you.
You hit the ogre.
The ogre is heavily wounded.
The ogre hits you with a +0 giant club!!
Ouch! That really hurt!
* * * LOW HITPOINT WARNING * * *
You are too injured to fight recklessly!
You are too injured to fight recklessly!
You are too injured to fight recklessly!
You are too injured to fight recklessly!
You are too injured to fight recklessly!
Okay, then.
The ogre attacks as you move away! The ogre hits you with a +0 giant club!
You die...

#)))#♣♣ ♣♣..#...............#
#.))))♣♣♣♣.♣................##
#)))#♣))♣)...............#..#
#####♣♣♣)♣)..#..####..#.#...#
♣♣♣♣♣##...............
#..####..# #..........
#..####.... #.)@O......
#...####.#. ....... ####...##
..... ...... ........
.......##


You could see an ogre.

Vanquished Creatures
  Crazy Yiuf (D:4)
  Jessica (D:3)
  Robin (D:4)
  6 adders
  An ufetubus (D:4)
  2 worms (D:2)
  A dart slug (D:2)
  9 orcs
  7 ball pythons
  7 endoplasms
  3 giant cockroaches
  8 hobgoblins
  4 quokkas
  4 bats
  A frilled lizard (D:2)
  17 goblins
  13 kobolds
  5 rats
91 creatures vanquished.

Notes
Turn   | Place    | Note
-------+----------+-------------------------------------------
     0 | D:1      | mopl the Palentonga Berserker began the quest for the Orb.
     0 | D:1      | Reached XP level 1. HP: 19/19 MP: 1/1
   343 | D:1      | Reached XP level 2. HP: 20/25 MP: 2/2
   364 | D:1      | Reached skill level 3 in Polearms
   641 | D:2      | Reached XP level 3. HP: 14/31 MP: 3/3
   706 | D:2      | Reached ** piety under Trog
   727 | D:2      | Found a faded altar of an unknown god.
   760 | D:2      | Reached skill level 2 in Armour
   793 | D:2      | Reached skill level 2 in Dodging
  1190 | D:2      | Reached XP level 4. HP: 28/37 MP: 4/4
  1715 | D:3      | Found Rinuor's Magic Scroll Emporium.
  1718 | D:3      | Bought a scroll of identify for 28 gold pieces
  1871 | D:3      | Reached skill level 1 in Throwing
  1989 | D:3      | Noticed Jessica
  1997 | D:3      | Killed Jessica
  2000 | D:3      | Reached XP level 5. HP: 29/43 MP: 5/5
  2043 | D:3      | Found Zuntolon's Weapon Boutique.
  2388 | D:3      | Found Anyec's Antique Weapon Boutique.
  2515 | D:4      | Found a transporter.
  2519 | D:4      | Noticed a small abomination
  2538 | D:4      | Reached *** piety under Trog
  2578 | D:4      | Noticed Robin
  2610 | D:4      | Killed Robin
  2631 | D:4      | Reached skill level 4 in Polearms
  2698 | D:4      | Found a white marble altar of Elyvilon.
  3133 | D:4      | Found a runed translucent door.
  3134 | D:4      | Noticed Crazy Yiuf
  3141 | D:4      | Killed Crazy Yiuf
  3165 | D:4      | Noticed an ogre
  3171 | D:4      | Mangled by an ogre

Illustrated notes

Levels and vault maps discovered:
D:1:      elethiomel_arrival_shortcut, layout_loops_cross
D:2:      minmay_inner_zag, layout_basic, serial_aquarium,
          aquarium_bridge_square [aquarium_subvault_bridge,
          aquarium_subvault_bridge, aquarium_subvault_bridge,
          aquarium_subvault_wall], aquarium_window_fake, aquarium_window_1,
          aquarium_window_2, aquarium_window_2, aquarium_view_2d,
          aquarium_view_4, basic_ecumenical_altar, kennysheep_generic_room_7
D:3:      layout_basic, serial_shops, shop, nicolae_shop_window_shopping,
          nicolae_shop_behind_doors, kennysheep_jessica_study
D:4:      layout_basic, elyvilon_altar_5, gammafunk_ghost_abyssal_escape,
          uniq_crazy_yiuf_cottage, uniq_robin

Skill      XL: |  1  2  3  4  5 |
---------------+----------------+-----
Polearms       | 3 4 |  4.2
Armour         | 2 |  2.4
Dodging        | 2 |  2.3
Throwing       | 1 |  1.3
Fighting       | |  3.7

Action                   |  1- 3 |  4- 6 || total
-------------------------+-------+-------++-------
Melee: Spear             |   105 |   172 ||   277
       Tailslap          |    17 |    16 ||    33
       Punch             |       |     2 ||     2
Invok: Berserk           |     1 |     2 ||     3
  Use: Scroll            |       |     4 ||     4
 Stab: Sleeping          |     1 |     2 ||     3
Armor: Animal skin       |    37 |    49 ||    86
Dodge: Dodged            |    29 |    67 ||    96
